 Dungeon Crawl Stone Soup version 0.31-a0-95-g6fa058ef04 (webtiles) character file.

Game seed: 4427359114247792959

194 frimble the Grasshopper (level 5, -3/36 HPs)
             Began as an Octopode Warper on May 25, 2023.
             Killed from afar by an orc wizard (8 damage)
             ... with a magic dart
             ... on level 3 of the Dungeon.
             The game lasted 00:03:11 (2505 turns).

frimble the Grasshopper (Octopode Warper)           Turns: 2505, Time: 00:03:12

Health: -3/36      AC:  1    Str: 11    XL:     5   Next: 73%
Magic:  8/8        EV: 13    Int: 17    God:
Gold:   122        SH:  0    Dex: 11    Spells: 6/8 levels left

rFire   . . .        i - +1 dagger (venom)
rCold   . . .        (no shield)
rNeg    . . .        (helmet restricted)
rPois   .            d - amulet of magic regeneration
rElec   .            m - ring of wizardry
rCorr   .            (no ring)
SInv    .            (no ring)
Will    .....        (no ring)
Stlth   ++           (no ring)
HPRegen 0.26/turn    (no ring)
MPRegen 0.51/turn    (no ring)
                     (no ring)

%: wizardry (x1)
@: no status effects
A: almost no armour, amphibious, 8 rings, camouflage 1, gelatinous body 1,
(nimble swimmer 1), tentacles
a: no special abilities


You were on level 3 of the Dungeon.
You visited 1 branch of the dungeon, and saw 3 of its levels.

You collected 122 gold pieces.

Inventory:

Hand Weapons
 a - a +0 short sword
 i - a +1 dagger of venom (weapon)
Missiles
 c - 7 boomerangs of dispersal (quivered)
Jewellery
 d - an amulet of magic regeneration (around mantle)
 m - a ring of wizardry (left tentacle)
Wands
 j - a wand of paralysis (5)
 n - a wand of roots (8)
Scrolls
 b - a scroll of blinking
 f - a scroll of fear
 h - 3 scrolls of amnesia
 k - 2 scrolls of teleportation
Potions
 e - a potion of berserk rage {unknown}
 g - a potion of cancellation {unknown}
 o - a potion of attraction {unknown}


   Skills:
 + Level 3.2 Fighting
 + Level 3.1 Short Blades
 - Level 1.0 Throwing
 + Level 3.4 Dodging
 - Level 2.0 Spellcasting
 + Level 3.9 Translocations
 + Level 1.6 Evocations


You had 6 spell levels left.
You knew the following spells:

 Your Spells              Type           Power      Damage    Failure   Level
a - Blink                 Tloc           30%        N/A       2%          2

Your spell library contained the following spells:

 Spells                   Type           Power      Damage    Failure   Level
 Lesser Beckoning         Tloc           30%        N/A       2%          2
 Teleport Other           Tloc           15%        N/A       4%          3
 Vhi's Electric Charge    Tloc/Air       14%        N/A       12%         3
 Manifold Assault         Tloc           15%        N/A       16%         4


Dungeon Overview and Level Annotations

Branches:
Dungeon (3/15)

Altars:
Dithmenos
Kikubaaqudgha

Annotations:
D:3 2 runed translucent doors, SecretSquirrel's ghost, amateur SpHu


Innate Abilities, Weirdness & Mutations

You cannot wear most types of armour.
You are amphibious.
You can wear up to eight rings at the same time.
Your skin changes colour to match your surroundings (Stealth+).
Your rubbery body absorbs attacks. (AC +1, EV +1)
((You are camouflaged when in or above water. (Stealth+)))
You have tentacles for arms and can constrict up to eight enemies at once.


Message History

You closely miss something.
Reactivating autopickup.
You feel a bit more experienced. Something hits you.
Deactivating autopickup; reactivate with Ctrl-A.
Things that are here:
a +0 dagger; a +0 robe You barely miss something.
Something hits you.
* * * LOW HITPOINT WARNING * * *
You closely miss something.
You hear some strange, mumbled words.
A magic dart appears from out of thin air!
The magic dart hits you!
* * * LOW HITPOINT WARNING * * *
Okay, then.
Unknown command.
Okay, then.
Casting: Blink (safe; 2% risk of failure)
Confirm with . or Enter, or press ? or * to list all spells.
You blink.
Aiming: Fastroot
Press: ? - help, Shift-Dir - straight line
Aim: Disturbance (translocational energy)
The roots erupt in riotous growth!
Roots grab something.
The grasping roots constrict something.
The grasping roots constrict something.
You feel stable enough to blink again.
Something tries to affect you, but you resist.
Aiming: Fastroot
Press: ? - help, Shift-Dir - straight line The roots erupt in riotous growth!
Roots grab something.
The grasping roots constrict something.
Reactivating autopickup.
You feel a bit more experienced.
A magic dart appears from out of thin air!
Deactivating autopickup; reactivate with Ctrl-A.
The magic dart hits you!
You die...

###''##### #.#
.........# #.#
.........# #)#
.).......# #.#
.........# #)#
.........# #{#
[<.......# #.#
.........# #.#
#'######## #@# #.#
#.# #.# #.# #.# #.#
#.# #.# ..# #.#
################.####
....................#
################.#.##


There were no monsters in sight!

Vanquished Creatures
  Ijyb (D:3)
  Terence (D:3)
  2 orc wizards (D:3)
  2 adders
  A gnoll (D:1)
  A worm (D:2)
  2 dart slugs (D:1)
  An orc (D:3)
  4 endoplasms
  4 giant cockroaches
  7 goblins
  9 hobgoblins
  A quokka (D:3)
  8 ball pythons
  4 bats
  3 frilled lizards
  4 kobolds
  4 rats
59 creatures vanquished.

Notes
Turn   | Place    | Note
-------+----------+-------------------------------------------
     0 | D:1      | frimble the Octopode Warper began the quest for the Orb.
     0 | D:1      | Reached XP level 1. HP: 14/14 MP: 3/3
   215 | D:1      | Reached XP level 2. HP: 13/19 MP: 5/5
   446 | D:1      | Reached XP level 3. HP: 22/25 MP: 6/6
  1002 | D:1      | Learned a level 2 spell: Blink
  1144 | D:2      | Found a faded altar of an unknown god.
  1189 | D:2      | Identified the +0 leather armour of Uviugy {Int+6 Dex-4}
  1501 | D:2      | Reached XP level 4. HP: 22/30 MP: 7/7
  1614 | D:3      | Found a large runed translucent door.
  1646 | D:3      | Found a large runed translucent door.
  1648 | D:3      | Noticed SecretSquirrel's ghost (amateur SpHu)
  1678 | D:3      | Found a shadowy altar of Dithmenos.
  1679 | D:3      | Noticed Ijyb
  1707 | D:3      | Killed Ijyb
  1864 | D:3      | Noticed Terence
  1880 | D:3      | Killed Terence
  1881 | D:3      | Reached skill level 1 in Evocations
  1881 | D:3      | Reached XP level 5. HP: 18/36 MP: 8/8
  2198 | D:3      | Noticed Sigmund
  2199 | D:3      | Sigmund changed into Sigmund the adder
  2199 | D:3      | Noticed Sigmund
  2203 | D:3      | Killed Sigmund the adder
  2360 | D:3      | Found an ancient bone altar of Kikubaaqudgha.
  2491 | D:3      | HP: 1/36 [something/magic dart (8)]
  2505 | D:3      | Killed from afar by an orc wizard

Illustrated notes

Levels and vault maps discovered:
D:1:      scummos_arrival_forest, layout_loops_corners
D:2:      layout_rooms, basic_ecumenical_altar
D:3:      layout_basic, mainiacjoe_overflow_cross_hatched,
          chequers_temple_overflow_statue_of_worship,
          nicolae_kikubaaqudgha_miasma_corner, ebering_ghost_disaster_area,
          kennysheep_generic_room_3, uniq_sigmund, uniq_ijyb, uniq_terence

Skill      XL: |  1  2  3  4  5 |
---------------+----------------+-----
Dodging        | 3 |  3.4
Fighting       | 3 |  3.2
Evocations     | 1 |  1.6
Short Blades   | 3 |  3.1
Throwing       | |  1.0
Spellcasting   | |  2.0
Translocations | |  3.9

Action                     |  1- 3 |  4- 6 || total
---------------------------+-------+-------++-------
  Melee: Short sword       |    53 |       ||    53
         Constrict         |    17 |    19 ||    36
         Tentacles         |    14 |    15 ||    29
         Punch             |     2 |       ||     2
         Dagger            |    19 |    78 ||    97
   Cast: Blink             |       |     1 ||     1
  Evoke: Wand              |       |     5 ||     5
    Use: Scroll            |     3 |     2 ||     5
         Potion            |       |     1 ||     1
   Stab: Sleeping          |    10 |       ||    10
         Paralysed         |       |     2 ||     2
 Armour: Skin              |     1 |    11 ||    12
  Dodge: Dodged            |    26 |    32 ||    58

Table legend: (Time is in decaauts)
 A = Elapsed time spent in this place.
 B = Non-inter-level travel time spent in this place.
 C = Inter-level travel time spent in this place.
 D = Time resting spent in this place.
 E = Time spent auto-exploring this place.
 F = Levels seen in this place.
 G = Mean time per level.
                   A        B        C        D        E       F      G
               +--------+--------+--------+--------+--------+-----+--------+
         Total |   2484 |   2397 |     87 |     18 |   1972 |   3 |  828.0 |
       Dungeon |   2484 |   2397 |     87 |     18 |   1972 |   3 |  828.0 |
               +--------+--------+--------+--------+--------+-----+--------+

Top non-repeatable levels by time:
     D:1: 1043 daAuts
     D:3: 879 daAuts
     D:2: 561 daAuts
